CAL
LANCASTER JETHAWKS @ STOCKTON PORTS
04/14/2099
 
TOP OF THE 1ST
Lancaster JetHawks batting - Pitching for Stockton Ports : RHP Justin Jacobson
Pitching: RHP Justin Jacobson
Batting: RHB Paul Baudry 0-0: Foul Ball, location: 23F
0-1: Swinging Strike
0-2: Ball
1-2: Foul Ball, location: 9LDF
1-2: Ground out 1-3 (Groundball, 34S, EV 63.8 MPH)
Batting: RHB Chad Erickson 0-0: Ball
1-0: Called Strike
1-1: Swinging Strike
1-2: Strikes out swinging
Batting: RHB Matt Widman 0-0: Ball
1-0: Foul Ball, location: 2F
1-1: Ground out 6-3 (Groundball, 6M, EV 87.5 MPH)
Top of the 1st over - 0 runs, 0 hits, 0 errors, 0 left on base; Lancaster 0 - Stockton 0
BOTTOM OF THE 1ST
Stockton Ports batting - Pitching for Lancaster JetHawks : RHP Greg Larson
Pitching: RHP Greg Larson
Batting: RHB Bobby Old 0-0: Ball
1-0: Foul Ball, location: 5F
1-1: Ground out 3-1 (Groundball, 34S, EV 88.1 MPH)
Batting: RHB Eddie Siegal 0-0: Ball
1-0: Foul Ball, location: 9LDF
1-1: Ball
2-1: Called Strike
2-2: Ball
3-2: Strikes out swinging
Batting: RHB Chris Martens 0-0: Ground out 6-3 (Groundball, 6, EV 81.9 MPH)
Bottom of the 1st over - 0 runs, 0 hits, 0 errors, 0 left on base; Lancaster 0 - Stockton 0
TOP OF THE 2ND
Lancaster JetHawks batting - Pitching for Stockton Ports : RHP Justin Jacobson
Batting: RHB Danny Malave 0-0: Foul Ball, location: 2F
0-1: Ball
1-1: Ball
2-1: Ball
3-1: Ground out 6-3 (Groundball, 6M, EV 96.9 MPH)
Batting: RHB Alex Romero 0-0: Ground out 6-3 (Groundball, 6M, EV 83.8 MPH)
Batting: LHB Sam Latsch 0-0: Ball
1-0: Foul Ball, location: 7LMF
1-1: Ground out 6-3 (Groundball, 6S, EV 76.3 MPH)
Top of the 2nd over - 0 runs, 0 hits, 0 errors, 0 left on base; Lancaster 0 - Stockton 0
BOTTOM OF THE 2ND
Stockton Ports batting - Pitching for Lancaster JetHawks : RHP Greg Larson
Batting: RHB Gordie Spencer 0-0: Fly out, F8 (Flyball, 8RD, EV 86.3 MPH)
Batting: RHB Vince Kallman 0-0: Ball
1-0: Ball
2-0: Ball
3-0: Base on Balls
Batting: LHB Willie Taylor 0-0: Called Strike
0-1: Hit by Pitch
Vince Kallman to second
Batting: RHB Marco Ramirez 0-0: Called Strike
0-1: Ball
1-1: Swinging Strike
1-2: Fly out, F2 (Popup, 13S, EV 85.6 MPH)
Batting: RHB Hector Ortiz 0-0: Called Strike
0-1: Called Strike
0-2: Foul Ball, location: 25FF
0-2: Strikes out swinging
Bottom of the 2nd over - 0 runs, 0 hits, 0 errors, 2 left on base; Lancaster 0 - Stockton 0
TOP OF THE 3RD
Lancaster JetHawks batting - Pitching for Stockton Ports : RHP Justin Jacobson
Batting: RHB James Woodard 0-0: Ball
1-0: Ball
2-0: Swinging Strike
2-1: Foul Ball, location: 9LDF
2-2: Strikes out swinging
Batting: RHB Oscar Garza 0-0: Ball
1-0: Swinging Strike
1-1: Ball
2-1: Ball
3-1: Foul Ball, location: 5F
3-2: Strikes out looking
Batting: RHB Ted Chapin 0-0: Ball
1-0: Ball
2-0: Swinging Strike
2-1: SINGLE (Line Drive, 5D, EV 100.0 MPH)
Batting: RHB Paul Baudry 0-0: Ball
1-0: Ball
2-0: SINGLE (Line Drive, 9LS, EV 86.9 MPH)
Ted Chapin to second
Runner from 2nd tries for 3rd, SAFE, throw by RF made to third
Batting: RHB Chad Erickson 0-0: Called Strike
0-1: Ball
Paul Baudry steals 2nd base
1-1: Foul Ball, location: 2F
1-2: Strikes out looking
Top of the 3rd over - 0 runs, 2 hits, 0 errors, 2 left on base; Lancaster 0 - Stockton 0
BOTTOM OF THE 3RD
Stockton Ports batting - Pitching for Lancaster JetHawks : RHP Greg Larson
Batting: RHB John Crusenberry 0-0: SINGLE (Line Drive, 7S, EV 102.5 MPH)
Batting: RHB Bobby Old 0-0: Called Strike
0-1: Foul Ball, location: 5F
0-2: Grounds into double play, 5-4-3 (Groundball, 56, EV 105.0 MPH)
Batting: RHB Eddie Siegal 0-0: Foul Ball, location: 2F
0-1: Called Strike
0-2: Ground out 4-3 (Groundball, 4, EV 93.1 MPH)
Bottom of the 3rd over - 0 runs, 1 hit, 0 errors, 0 left on base; Lancaster 0 - Stockton 0
TOP OF THE 4TH
Lancaster JetHawks batting - Pitching for Stockton Ports : RHP Justin Jacobson
Batting: RHB Matt Widman 0-0: Foul Ball, location: 9LMF
0-1: Foul Ball, location: 25F
0-2: Ball
1-2: Ground out 6-3 (Groundball, 6M, EV 86.3 MPH)
Batting: RHB Danny Malave 0-0: Called Strike
0-1: Swinging Strike
0-2: Strikes out swinging
Batting: RHB Alex Romero 0-0: Foul Ball, location: 5F
0-1: Ball
1-1: Ball
2-1: Foul Ball, location: 3F
2-2: SINGLE (Line Drive, 56, EV 96.3 MPH)
Batting: LHB Sam Latsch 0-0: Ball
1-0: Ground out U3 (Groundball, 3, EV 89.4 MPH)
Top of the 4th over - 0 runs, 1 hit, 0 errors, 1 left on base; Lancaster 0 - Stockton 0
BOTTOM OF THE 4TH
Stockton Ports batting - Pitching for Lancaster JetHawks : RHP Greg Larson
Batting: RHB Chris Martens 0-0: Foul Ball, location: 2LF
0-1: Swinging Strike
0-2: Strikes out swinging
Batting: RHB Gordie Spencer 0-0: Ground out 6-3 (Groundball, 6, EV 86.9 MPH)
Batting: RHB Vince Kallman 0-0: Called Strike
0-1: Ball
1-1: Ball
2-1: Foul Ball, location: 2F
2-2: Ball
3-2: Foul Ball, location: 9LDF
3-2: Fly out, F7 (Flyball, 7, EV 95.0 MPH)
Bottom of the 4th over - 0 runs, 0 hits, 0 errors, 0 left on base; Lancaster 0 - Stockton 0
TOP OF THE 5TH
Lancaster JetHawks batting - Pitching for Stockton Ports : RHP Justin Jacobson
Batting: RHB James Woodard 0-0: Ball
1-0: Ball
2-0: Ball
3-0: Base on Balls
Batting: RHB Oscar Garza 0-0: Called Strike
0-1: Grounds into double play, 5-4-3 (Groundball, 56, EV 82.5 MPH)
Batting: RHB Ted Chapin 0-0: Called Strike
0-1: Ball
1-1: Foul Ball, location: 9LSF
1-2: Foul Ball, location: 9LDF
1-2: Foul Ball, location: 2LF
1-2: Ball
2-2: Ground out 6-3 (Groundball, 6, EV 100.0 MPH)
Top of the 5th over - 0 runs, 0 hits, 0 errors, 0 left on base; Lancaster 0 - Stockton 0
BOTTOM OF THE 5TH
Stockton Ports batting - Pitching for Lancaster JetHawks : RHP Greg Larson
Batting: LHB Willie Taylor 0-0: Ball
1-0: Foul Ball, location: 23F
1-1: Called Strike
1-2: Ground out U3 (Groundball, 34S, EV 87.5 MPH)
Batting: RHB Marco Ramirez 0-0: Ball
1-0: Ball
2-0: Called Strike
2-1: Ball
3-1: Fly out, F3 (Popup, 34S, EV 67.5 MPH)
Batting: RHB Hector Ortiz 0-0: Ball
1-0: Called Strike
1-1: Ball
2-1: Foul Ball, location: 5FF
2-2: Ball
3-2: Strikes out swinging
Bottom of the 5th over - 0 runs, 0 hits, 0 errors, 0 left on base; Lancaster 0 - Stockton 0
TOP OF THE 6TH
Lancaster JetHawks batting - Pitching for Stockton Ports : RHP Justin Jacobson
Batting: RHB Paul Baudry 0-0: Foul Ball, location: 2LF
0-1: Ground out 4-3 (Groundball, 4, EV 86.3 MPH)
Batting: RHB Chad Erickson 0-0: Ball
1-0: Ball
2-0: Ball
3-0: Base on Balls
Batting: RHB Matt Widman 0-0: Called Strike
0-1: DOUBLE (Line Drive, 89XD, EV 106.3 MPH)
Chad Erickson to third
Runner from 3rd tries for Home, SAFE, throw by CF to trailing runner, SAFE at third!
Batting: RHB Danny Malave 0-0: Ball
1-0: Foul Ball, location: 2F
1-1: Fly out, F7 (Flyball, 7LM, EV 96.3 MPH)
Batting: RHB Alex Romero 0-0: Ball
1-0: Ball
2-0: Fly out, F9 (Flyball, 9, EV 85.6 MPH)
Top of the 6th over - 1 run, 1 hit, 0 errors, 1 left on base; Lancaster 1 - Stockton 0
BOTTOM OF THE 6TH
Stockton Ports batting - Pitching for Lancaster JetHawks : RHP Greg Larson
Batting: RHB John Crusenberry 0-0: Ball
1-0: SINGLE (Line Drive, 56D, EV 93.8 MPH)
Batting: RHB Bobby Old 0-0: Ball
1-0: Ball
2-0: Ball
3-0: Called Strike
3-1: Foul Ball, location: 5F
3-2: Fly out, F9 (Flyball, 9LS, EV 91.3 MPH)
Batting: RHB Eddie Siegal 0-0: Foul Ball, location: 25F
0-1: Swinging Strike
0-2: Ball
1-2: Strikes out looking
Batting: RHB Chris Martens 0-0: Ball
1-0: Ball
2-0: Called Strike
2-1: Foul Ball, location: 2F
2-2: DOUBLE (Flyball, 8LXD, EV 110.6 MPH)
John Crusenberry to third
Batting: RHB Gordie Spencer 0-0: SINGLE (Groundball, 6MS, EV 68.8 MPH) (infield hit)
John Crusenberry scores
Chris Martens to third
Batting: RHB Vince Kallman 0-0: Ball
1-0: Ball
2-0: Swinging Strike
2-1: Foul Ball, location: 2F
2-2: Ball
3-2: Foul Ball, location: 7LMF
3-2: Foul Ball, location: 5F
3-2: Base on Balls
Gordie Spencer to second
Batting: LHB Willie Taylor 0-0: Ball
1-0: Ball
2-0: Foul Ball, location: 7LMF
2-1: DOUBLE (Groundball, 5L, EV 110.6 MPH)
Chris Martens scores
Gordie Spencer scores
Vince Kallman to third
Batting: RHB Marco Ramirez 0-0: Intentional Walk
Batting: RHB Hector Ortiz 0-0: SINGLE (Groundball, 4M, EV 91.3 MPH) (infield hit)
Vince Kallman scores
Willie Taylor to third
Marco Ramirez to second
Batting: RHB John Crusenberry 0-0: Foul Ball, location: 3SF
0-1: Swinging Strike
0-2: Ball
1-2: Ball
2-2: Foul Ball, location: 9LDF
2-2: Strikes out swinging
Bottom of the 6th over - 4 runs, 5 hits, 0 errors, 3 left on base; Lancaster 1 - Stockton 4
TOP OF THE 7TH
Lancaster JetHawks batting - Pitching for Stockton Ports : RHP Justin Jacobson
Batting: LHB Sam Latsch 0-0: Ground out 6-3 (Groundball, 6, EV 85.6 MPH)
Batting: RHB James Woodard 0-0: Foul Ball, location: 7LSFF
0-1: Ball
1-1: Ball
2-1: Fly out, F8 (Line Drive, 78M, EV 92.5 MPH)
Batting: RHB Oscar Garza 0-0: Ball
1-0: Ball
2-0: Ground out 5-3 (Groundball, 5S, EV 81.9 MPH)
Top of the 7th over - 0 runs, 0 hits, 0 errors, 0 left on base; Lancaster 1 - Stockton 4
BOTTOM OF THE 7TH
Stockton Ports batting - Pitching for Lancaster JetHawks : RHP Greg Larson
Pitching: RHP Caleb Priest
Batting: RHB Bobby Old 0-0: Ball
1-0: Called Strike
1-1: Called Strike
1-2: Ground out 4-3 (Groundball, 4, EV 105.6 MPH)
Batting: RHB Eddie Siegal 0-0: Called Strike
0-1: Ball
1-1: Ball
2-1: Foul Ball, location: 7LMF
2-2: Ball
3-2: SINGLE (Line Drive, 6D, EV 100.6 MPH)
Batting: RHB Chris Martens 0-0: Swinging Strike
0-1: Ball
1-1: Fly out, F8 (Flyball, 8LS, EV 97.5 MPH)
Batting: RHB Gordie Spencer 0-0: Called Strike
0-1: Ball
1-1: Ball
2-1: Called Strike
2-2: Foul Ball, location: 9LDF
2-2: SINGLE (Groundball, 6MD, EV 96.3 MPH)
Eddie Siegal to second
Batting: RHB Vince Kallman 0-0: Fly out, F9 (Flyball, 9LSF, EV 93.8 MPH)
Bottom of the 7th over - 0 runs, 2 hits, 0 errors, 2 left on base; Lancaster 1 - Stockton 4
TOP OF THE 8TH
Lancaster JetHawks batting - Pitching for Stockton Ports : RHP Justin Jacobson
Batting: RHB Ted Chapin 0-0: Ball
1-0: Ball
2-0: Ball
3-0: Base on Balls
Pitching: RHP Andy Roche
Batting: RHB Paul Baudry 0-0: Ball
1-0: Ball
2-0: Ball
3-0: Called Strike
3-1: Foul Ball, location: 3FF
3-2: Fly out, F6 (Line Drive, 6MD, EV 66.9 MPH)
Batting: RHB Chad Erickson 0-0: Fly out, F3 (Popup, 3, EV 65.0 MPH)
Batting: RHB Matt Widman 0-0: Foul Ball, location: 9LMF
0-1: Ball
1-1: Foul Ball, location: 2F
1-2: Foul Ball, location: 5F
1-2: Foul Ball, location: 9LDF
1-2: Foul Ball, location: 2F
1-2: SINGLE (Line Drive, 9S, EV 101.9 MPH)
Ted Chapin to second
Pitching: RHP A.J. Wayne
Batting: RHB Danny Malave 0-0: Ball
1-0: Ball
2-0: Foul Ball, location: 5DF
2-1: Foul Ball, location: 9LDF
2-2: Foul Ball, location: 9LMF
2-2: Strikes out swinging
Top of the 8th over - 0 runs, 1 hit, 0 errors, 2 left on base; Lancaster 1 - Stockton 4
BOTTOM OF THE 8TH
Stockton Ports batting - Pitching for Lancaster JetHawks : RHP Caleb Priest
Batting: LHB Willie Taylor 0-0: Ball
1-0: Swinging Strike
1-1: Foul Ball, location: 5SF
1-2: Ball
2-2: Ground out 5-3 (Groundball, 56, EV 83.8 MPH)
Batting: RHB Marco Ramirez 0-0: Called Strike
0-1: Fly out, F9 (Flyball, 9D, EV 109.4 MPH)
Batting: RHB Hector Ortiz 0-0: Called Strike
0-1: Called Strike
0-2: Strikes out looking
Bottom of the 8th over - 0 runs, 0 hits, 0 errors, 0 left on base; Lancaster 1 - Stockton 4
TOP OF THE 9TH
Lancaster JetHawks batting - Pitching for Stockton Ports : RHP A.J. Wayne
Pitching: LHP Gerardo Alvarado
Batting: RHB Alex Romero 0-0: Ball
1-0: SINGLE (Line Drive, 9LS, EV 90.0 MPH)
Batting: RHB Matt Freeman 0-0: Called Strike
0-1: Foul Ball, location: 3DF
0-2: Foul Ball, location: 7LSF
0-2: Fly out, F7 (Flyball, 7LS, EV 90.6 MPH)
Batting: RHB James Woodard 0-0: Ball
1-0: Called Strike
1-1: Ground out 5-3 (Groundball, 56S, EV 64.4 MPH)
Alex Romero to second
Batting: RHB Oscar Garza 0-0: Ball
1-0: Swinging Strike
1-1: Ball
2-1: Foul Ball, location: 2F
2-2: Ball
3-2: Foul Ball, location: 3FF
3-2: 2-RUN HOME RUN (Flyball, 9D, EV 98.1 MPH), Distance : 377 ft
Batting: RHB Ted Chapin 0-0: Foul Ball, location: 23F
0-1: SINGLE (Line Drive, 7LM, EV 110.6 MPH)
Batting: RHB Paul Baudry 0-0: Ball
1-0: Called Strike
1-1: Foul Ball, location: 25FF
1-2: Foul Ball, location: 2LF
1-2: Foul Ball, location: 2F
1-2: Foul Ball, location: 5F
1-2: Fly out, F8 (Flyball, 8RM, EV 95.6 MPH)
Top of the 9th over - 2 runs, 3 hits, 0 errors, 1 left on base; Lancaster 3 - Stockton 4
Friday, May 3rd , 2024 - OOTP Baseball 24.11 Build 85